TOP OF THE 1ST |
Fort Wayne TinCaps batting - Pitching for Peoria Chiefs : RHP Ben Cook
|
Pitching: RHP Ben Cook
|
|
Batting: SHB Detlef Oursler
|
0-0: Ball 1-0: Called Strike 1-1: Ground out 4-3 (Groundball, 13, EV 90.0 MPH)
|
Batting: LHB Tony Contreras
|
0-0: Ball 1-0: Called Strike 1-1: Ground out 5-3 (Groundball, 5, EV 85.6 MPH)
|
Batting: LHB Chad Cutler
|
0-0: Called Strike 0-1: Swinging Strike 0-2: Strikes out swinging, 2-3 out at first.
|
Top of the 1st over - 0 runs, 0 hits, 0 errors, 0 left on base; Fort Wayne 0 - Peoria 0 |
BOTTOM OF THE 1ST |
Peoria Chiefs batting - Pitching for Fort Wayne TinCaps : LHP David Rodriguez
|
Pitching: LHP David Rodriguez
|
|
Batting: LHB Tsutomu Miyahara
|
0-0: Fly out, F9 (Flyball, 9, EV 85.0 MPH)
|
Batting: RHB Tommy Tracy
|
0-0: Fly out, F7 (Flyball, 7LM, EV 104.4 MPH)
|
Batting: RHB Jonathan Davis
|
0-0: Ball 1-0: Fly out, F9 (Flyball, 9, EV 78.1 MPH)
|
Bottom of the 1st over - 0 runs, 0 hits, 0 errors, 0 left on base; Fort Wayne 0 - Peoria 0 |
TOP OF THE 2ND |
Fort Wayne TinCaps batting - Pitching for Peoria Chiefs : RHP Ben Cook
|
Batting: LHB Justin Alworth
|
0-0: Called Strike 0-1: Swinging Strike 0-2: Foul Ball, location: 2F 0-2: Foul Ball, location: 2F 0-2: Ball 1-2: Fly out, F6 (Line Drive, 6, EV 68.1 MPH)
|
Batting: LHB Ryan Anderson
|
0-0: Ball 1-0: Ball 2-0: Foul Ball, location: 2F 2-1: Swinging Strike 2-2: Ground out 4-3 (Groundball, 34D, EV 104.4 MPH)
|
Batting: RHB Adrian Cook
|
0-0: Ball 1-0: Ball 2-0: Swinging Strike 2-1: Foul Ball, location: 2F 2-2: Strikes out swinging
|
Top of the 2nd over - 0 runs, 0 hits, 0 errors, 0 left on base; Fort Wayne 0 - Peoria 0 |
BOTTOM OF THE 2ND |
Peoria Chiefs batting - Pitching for Fort Wayne TinCaps : LHP David Rodriguez
|
Batting: SHB Gerardo Macias
|
0-0: Called Strike 0-1: Called Strike 0-2: Ball 1-2: Foul Ball, location: 2F 1-2: Ball 2-2: Ground out 6-3 (Groundball, 6, EV 78.8 MPH)
|
Batting: RHB Edgar Landim
|
0-0: Called Strike 0-1: Hit by Pitch
|
Batting: LHB Dana McDonald
|
0-0: Ball 1-0: Ball Passed Ball! Edgar Landim to second 2-0: Swinging Strike 2-1: SINGLE (Groundball, 4, EV 100.0 MPH) Edgar Landim to third
|
Batting: RHB Kalidas Mishra
|
0-0: Called Strike 0-1: SINGLE (Groundball, 6MD, EV 100.6 MPH) Edgar Landim scores Dana McDonald to second
|
Batting: RHB Robby Hickman
|
0-0: Ball 1-0: Foul Ball, location: 2F 1-1: Fielders Choice at 2nd, 5-4 (Groundball, 56, EV 108.8 MPH) Dana McDonald to third
|
Batting: RHB Josh Broome
|
0-0: Foul Ball, location: 2F 0-1: Ball 1-1: Called Strike 1-2: Fly out, F4 (Popup, 4S, EV 73.8 MPH)
|
Bottom of the 2nd over - 1 run, 2 hits, 0 errors, 2 left on base; Fort Wayne 0 - Peoria 1 |
TOP OF THE 3RD |
Fort Wayne TinCaps batting - Pitching for Peoria Chiefs : RHP Ben Cook
|
Batting: RHB Dustin Hartman
|
0-0: Called Strike 0-1: Foul Ball, location: 2F 0-2: Ball 1-2: Fly out, F8 (Line Drive, 8LD, EV 105.0 MPH)
|
Batting: RHB Danny Gallegos
|
0-0: Ball 1-0: Ball 2-0: Ground out 5-3 (Groundball, 5L, EV 90.6 MPH)
|
Batting: RHB Ricky Trejo
|
0-0: Called Strike 0-1: Called Strike 0-2: Ball 1-2: Fly out, F8 (Flyball, 8LD, EV 91.2 MPH)
|
Top of the 3rd over - 0 runs, 0 hits, 0 errors, 0 left on base; Fort Wayne 0 - Peoria 1 |
BOTTOM OF THE 3RD |
Peoria Chiefs batting - Pitching for Fort Wayne TinCaps : LHP David Rodriguez
|
Batting: LHB Tsutomu Miyahara
|
0-0: Foul Ball, location: 2F 0-1: Ball 1-1: Ball 2-1: SINGLE (Groundball, 3D, EV 96.9 MPH)
|
Batting: RHB Tommy Tracy
|
0-0: Ball 1-0: Ball 2-0: Ball 3-0: Called Strike 3-1: Called Strike 3-2: Fly out, F9 (Flyball, 9, EV 90.0 MPH)
|
Batting: RHB Jonathan Davis
|
0-0: Ball 1-0: Swinging Strike 1-1: Ball 2-1: DOUBLE (Line Drive, 7LD, EV 110.6 MPH) Tsutomu Miyahara to third Runner from 3rd tries for Home, SAFE, no throw by LF
|
Batting: SHB Gerardo Macias
|
0-0: Ball 1-0: Ball 2-0: Foul Ball, location: 2F 2-1: Ball 3-1: Fly out, F9 (Line Drive, 89M, EV 96.2 MPH)
|
Batting: RHB Edgar Landim
|
0-0: Ball 1-0: Ball 2-0: Called Strike 2-1: Ground out 5-3 (Groundball, 56S, EV 86.2 MPH)
|
Bottom of the 3rd over - 1 run, 2 hits, 0 errors, 1 left on base; Fort Wayne 0 - Peoria 2 |
TOP OF THE 4TH |
Fort Wayne TinCaps batting - Pitching for Peoria Chiefs : RHP Ben Cook
|
Batting: SHB Detlef Oursler
|
0-0: Ball 1-0: Ball 2-0: Ground out 6-3 (Groundball, 6M, EV 80.0 MPH)
|
Batting: LHB Tony Contreras
|
0-0: Called Strike 0-1: Ball 1-1: Called Strike 1-2: Fly out, F8 (Flyball, 8RXD, EV 91.2 MPH)
|
Batting: LHB Chad Cutler
|
0-0: Called Strike 0-1: Fly out, F8 (Flyball, 78M, EV 86.9 MPH)
|
Top of the 4th over - 0 runs, 0 hits, 0 errors, 0 left on base; Fort Wayne 0 - Peoria 2 |
BOTTOM OF THE 4TH |
Peoria Chiefs batting - Pitching for Fort Wayne TinCaps : LHP David Rodriguez
|
Batting: LHB Dana McDonald
|
0-0: Foul Ball, location: 2F 0-1: Ball 1-1: Ground out 4-3 (Groundball, 34D, EV 100.6 MPH)
|
Batting: RHB Kalidas Mishra
|
0-0: Called Strike 0-1: Ball 1-1: Called Strike 1-2: Ball 2-2: Foul Ball, location: 2F 2-2: SINGLE (Groundball, 56D, EV 95.6 MPH)
|
Batting: RHB Robby Hickman
|
0-0: Called Strike Kalidas Mishra steals 2nd base 0-1: Ball 1-1: Ball 2-1: TRIPLE (Flyball, 78XD, EV 102.5 MPH) Kalidas Mishra scores
|
Batting: RHB Josh Broome
|
0-0: Called Strike 0-1: Ball 1-1: Foul Ball, location: 2F 1-2: Ball 2-2: Foul Ball, location: 2F 2-2: Ball 3-2: Ground out 6-3 (Groundball, 6, EV 98.8 MPH) Robby Hickman scores
|
Batting: LHB Tsutomu Miyahara
|
0-0: Ball 1-0: SINGLE (Line Drive, 34D, EV 97.5 MPH)
|
Batting: RHB Tommy Tracy
|
0-0: Swinging Strike 0-1: Foul Ball, location: 2F 0-2: Ball Tsutomu Miyahara steals 2nd base (no throw) 1-2: Strikes out swinging
|
Bottom of the 4th over - 2 runs, 3 hits, 0 errors, 1 left on base; Fort Wayne 0 - Peoria 4 |
TOP OF THE 5TH |
Fort Wayne TinCaps batting - Pitching for Peoria Chiefs : RHP Ben Cook
|
Batting: LHB Justin Alworth
|
0-0: Ball 1-0: Fly out, F8 (Flyball, 8RM, EV 91.9 MPH)
|
Batting: LHB Ryan Anderson
|
0-0: Ball 1-0: Ball 2-0: Called Strike 2-1: Swinging Strike 2-2: Strikes out swinging, 2-3 out at first.
|
Batting: RHB Adrian Cook
|
0-0: Ball 1-0: Ground out 5-3 (Groundball, 56, EV 106.2 MPH)
|
Top of the 5th over - 0 runs, 0 hits, 0 errors, 0 left on base; Fort Wayne 0 - Peoria 4 |
BOTTOM OF THE 5TH |
Peoria Chiefs batting - Pitching for Fort Wayne TinCaps : LHP David Rodriguez
|
Batting: RHB Jonathan Davis
|
0-0: Ball 1-0: Ball 2-0: Foul Ball, location: 2F 2-1: Ground out U3 (Groundball, 34S, EV 71.2 MPH)
|
Batting: SHB Gerardo Macias
|
0-0: Foul Ball, location: 2F 0-1: Called Strike 0-2: Ball 1-2: Foul Ball, location: 2F 1-2: Foul Ball, location: 2F 1-2: Ball 2-2: Ball 3-2: Ground out 6-3 (Groundball, 6S, EV 81.2 MPH)
|
Batting: RHB Edgar Landim
|
0-0: Called Strike 0-1: Called Strike 0-2: Foul Ball, location: 2F 0-2: Ball 1-2: Strikes out swinging
|
Bottom of the 5th over - 0 runs, 0 hits, 0 errors, 0 left on base; Fort Wayne 0 - Peoria 4 |
TOP OF THE 6TH |
Fort Wayne TinCaps batting - Pitching for Peoria Chiefs : RHP Ben Cook
|
Batting: RHB Dustin Hartman
|
0-0: Foul Ball, location: 2F 0-1: Fly out, F8 (Line Drive, 8LXD, EV 95.6 MPH)
|
Batting: RHB Danny Gallegos
|
0-0: Called Strike 0-1: Foul Ball, location: 2F 0-2: Foul Ball, location: 2F 0-2: Fly out, F7 (Flyball, 7D, EV 105.0 MPH)
|
Batting: RHB Ricky Trejo
|
0-0: Swinging Strike 0-1: Ball 1-1: Called Strike 1-2: Ground out 6-3 (Groundball, 6, EV 98.1 MPH)
|
Top of the 6th over - 0 runs, 0 hits, 0 errors, 0 left on base; Fort Wayne 0 - Peoria 4 |
BOTTOM OF THE 6TH |
Peoria Chiefs batting - Pitching for Fort Wayne TinCaps : LHP David Rodriguez
|
Batting: LHB Dana McDonald
|
0-0: Called Strike 0-1: Ball 1-1: Foul Ball, location: 2F 1-2: Ball 2-2: Ball 3-2: Foul Ball, location: 2F 3-2: Foul Ball, location: 2F 3-2: Base on Balls
|
Pitching: LHP David Hoch
|
|
Batting: RHB Kalidas Mishra
|
0-0: Ball 1-0: Foul Ball, location: 2F 1-1: Foul Ball, location: 2F 1-2: Ball 2-2: SINGLE (Line Drive, 34D, EV 108.1 MPH) Dana McDonald to second
|
Batting: RHB Robby Hickman
|
0-0: Fly out, F7 (Flyball, 78M, EV 87.5 MPH)
|
Batting: RHB Josh Broome
|
0-0: Foul Ball, location: 2F 0-1: Called Strike 0-2: Ball 1-2: Ball 2-2: Ball 3-2: Base on Balls Dana McDonald to third Kalidas Mishra to second
|
Batting: LHB Tsutomu Miyahara
|
0-0: SINGLE (Line Drive, 89M, EV 93.8 MPH) Dana McDonald scores Kalidas Mishra to third Josh Broome to second
|
Batting: RHB Tommy Tracy
|
0-0: Foul Ball, location: 2F 0-1: Fly out, F6 (Popup, 6S, EV 79.4 MPH)
|
Batting: RHB Jonathan Davis
|
0-0: Ball 1-0: Called Strike 1-1: SINGLE (Line Drive, 7S, EV 100.0 MPH) Kalidas Mishra scores Josh Broome to third Tsutomu Miyahara to second Runner from 3rd tries for Home, SAFE, throw by LF to home
|
Batting: SHB Gerardo Macias
|
0-0: Ball 1-0: Foul Ball, location: 2F 1-1: Ball 2-1: Ball 3-1: Base on Balls Tsutomu Miyahara to third Jonathan Davis to second
|
Batting: RHB Edgar Landim
|
0-0: Ball 1-0: Ball 2-0: Ball 3-0: Called Strike 3-1: Foul Ball, location: 2F 3-2: Strikes out swinging
|
Bottom of the 6th over - 3 runs, 3 hits, 0 errors, 3 left on base; Fort Wayne 0 - Peoria 7 |
TOP OF THE 7TH |
Fort Wayne TinCaps batting - Pitching for Peoria Chiefs : RHP Ben Cook
|
Batting: SHB Detlef Oursler
|
0-0: Ball 1-0: Foul Ball, location: 2F 1-1: Reached via error on a dropped throw from 1B, E1 (Groundball, 34, EV 99.4 MPH)
|
Batting: LHB Tony Contreras
|
0-0: Called Strike Detlef Oursler steals 2nd base (no throw) 0-1: Ball 1-1: Ball 2-1: Foul Ball, location: 2F 2-2: Fly out, F8 (Flyball, 8LD, EV 102.5 MPH)
|
Batting: LHB Chad Cutler
|
0-0: Ball 1-0: Ball 2-0: Called Strike 2-1: Foul Ball, location: 2F 2-2: Strikes out looking
|
Batting: LHB Justin Alworth
|
0-0: Ground out 5-3 (Groundball, 5L, EV 99.4 MPH)
|
Top of the 7th over - 0 runs, 0 hits, 1 error, 1 left on base; Fort Wayne 0 - Peoria 7 |
BOTTOM OF THE 7TH |
Peoria Chiefs batting - Pitching for Fort Wayne TinCaps : LHP David Hoch
|
Pinch Hitting: LHB Keith Rice
|
0-0: Ball 1-0: Called Strike 1-1: Foul Ball, location: 2F 1-2: Foul Ball, location: 2F 1-2: SINGLE (Groundball, 5D, EV 101.9 MPH)
|
Batting: RHB Kalidas Mishra
|
0-0: Grounds into double play, 6-4-3 (Groundball, 6, EV 110.0 MPH)
|
Batting: RHB Robby Hickman
|
0-0: Ball 1-0: Foul Ball, location: 2F 1-1: Foul Ball, location: 2F 1-2: Ball 2-2: Strikes out swinging
|
Bottom of the 7th over - 0 runs, 1 hit, 0 errors, 0 left on base; Fort Wayne 0 - Peoria 7 |
TOP OF THE 8TH |
Fort Wayne TinCaps batting - Pitching for Peoria Chiefs : RHP Ben Cook
|
Now at 1B: Tommy Tracy
|
|
Now in RF: Hank Arias
|
|
Batting: LHB Ryan Anderson
|
0-0: Ball 1-0: Ball 2-0: Ball 3-0: Foul Ball, location: 2F 3-1: Base on Balls
|
Pinch Hitting: LHB Sean Trueblood
|
0-0: Swinging Strike 0-1: Ball 1-1: Foul Ball, location: 2F 1-2: SINGLE (Line Drive, 6MD, EV 95.0 MPH) Ryan Anderson to second
|
Pinch Hitting: LHB Javy Portela
|
0-0: Called Strike 0-1: Foul Ball, location: 2F 0-2: Foul Ball, location: 2F 0-2: Foul Ball, location: 2F 0-2: Ball 1-2: Ball 2-2: Ball 3-2: Fly out, F9 (Flyball, 9, EV 88.1 MPH)
|
Pitching: RHP T.J. Stahlman
|
|
Batting: RHB Danny Gallegos
|
0-0: Ball 1-0: Foul Ball, location: 2F 1-1: Swinging Strike 1-2: SINGLE (Line Drive, 34, EV 98.1 MPH) Ryan Anderson to third Sean Trueblood to second
|
Pinch Hitting: SHB Cesar Arteaga
|
0-0: Ball 1-0: Ball 2-0: Called Strike 2-1: Called Strike 2-2: Fielders Choice at 2nd, 4-6 (Groundball, 4, EV 102.5 MPH) Ryan Anderson scores Sean Trueblood to third
|
Batting: SHB Detlef Oursler
|
0-0: Called Strike 0-1: SINGLE (Groundball, 6MS, EV 98.8 MPH) Sean Trueblood scores Cesar Arteaga to second Runner from 2nd tries for 3rd, OUT after rundown.
|
Top of the 8th over - 2 runs, 3 hits, 0 errors, 1 left on base; Fort Wayne 2 - Peoria 7 |
BOTTOM OF THE 8TH |
Peoria Chiefs batting - Pitching for Fort Wayne TinCaps : LHP David Hoch
|
Now at 1B: Javy Portela
|
|
Now at 2B: Cesar Arteaga
|
|
Now at 3B: Sean Trueblood
|
|
Batting: RHB Josh Broome
|
0-0: Ball 1-0: Ball 2-0: Ground out 5-3 (Groundball, 56, EV 85.0 MPH)
|
Batting: LHB Tsutomu Miyahara
|
0-0: Ball 1-0: Ball 2-0: Fly out, F9 (Flyball, 9LM, EV 94.4 MPH)
|
Batting: RHB Tommy Tracy
|
0-0: Ball 1-0: Ball 2-0: Foul Ball, location: 2F 2-1: Ball 3-1: Ground out 4-3 (Groundball, 4M, EV 98.1 MPH)
|
Bottom of the 8th over - 0 runs, 0 hits, 0 errors, 0 left on base; Fort Wayne 2 - Peoria 7 |
TOP OF THE 9TH |
Fort Wayne TinCaps batting - Pitching for Peoria Chiefs : RHP T.J. Stahlman
|
Batting: LHB Tony Contreras
|
0-0: Ball 1-0: Swinging Strike 1-1: Ball 2-1: Foul Ball, location: 2F 2-2: Foul Ball, location: 2F 2-2: Ball 3-2: Strikes out swinging
|
Batting: LHB Chad Cutler
|
0-0: Called Strike 0-1: Swinging Strike 0-2: Ball 1-2: Ball 2-2: Strikes out swinging
|
Batting: LHB Justin Alworth
|
0-0: Called Strike 0-1: Ball 1-1: Foul Ball, location: 2F 1-2: Ball 2-2: Ball 3-2: Foul Ball, location: 2F 3-2: Base on Balls
|
Batting: LHB Ryan Anderson
|
0-0: Swinging Strike 0-1: Ground out 2-3 (Groundball, 15S, EV 65.0 MPH)
|
Top of the 9th over - 0 runs, 0 hits, 0 errors, 1 left on base; Fort Wayne 2 - Peoria 7 |
|